 Dungeon Crawl Stone Soup version 0.31-a0-524-g2a164cf6a2 (webtiles) character file.

Game seed: 5478901467857393172

346 AdnanSaban the Cudgeller (level 6, -6/38 HPs)
             Began as a Gargoyle Fighter on Aug 12, 2023.
             Killed by divine providence
             ... invoked by an orc priest
              (13 damage)
             ... on level 3 of the Dungeon.
             The game lasted 00:02:34 (2313 turns).

AdnanSaban the Cudgeller (Gargoyle Fighter)         Turns: 2313, Time: 00:02:34

Health: -6/38      AC: 15    Str: 22    XL:     6   Next: 59%
Magic:  6/6        EV:  8    Int:  8    God:
Gold:   177        SH:  4    Dex:  9    Spells: 5/5 levels left

rFire   . . .        a - +0 flail
rCold   . . .        c - +0 buckler
rNeg    + . .        p - +0 chain mail
rPois   ∞            n - +0 helmet
rElec   +            (no cloak)
rCorr   .            (no gloves)
SInv    .            (no boots)
Will    .....        (no amulet) Stlth
                     (no ring)
HPRegen 0.26/turn    (no ring)
MPRegen 0.10/turn

%: no passive effects
@: no status effects
A: sickness immunity, AC +4, negative energy resistance 1, electricity
resistance, torment resistance 1, petrification resistance
a: no special abilities


You were on level 3 of the Dungeon.
You visited 1 branch of the dungeon, and saw 4 of its levels.

You collected 177 gold pieces.

Inventory:

Hand Weapons
 a - a +0 flail (weapon)
Missiles
 i - 2 throwing nets
Armour
 b - a +0 scale mail
 c - a +0 buckler (worn)
 n - a +0 helmet (worn)
 p - a +0 chain mail (worn)
Wands
 o - a wand of paralysis (9)
Scrolls
 g - a scroll of summoning {unknown}
 l - 2 scrolls of vulnerability {unknown}
 m - 2 scrolls of identify {unknown}
 q - a scroll of noise {unknown}
Potions
 d - a potion of might
 e - a potion of enlightenment {unknown}
 f - a potion of haste {unknown}
 h - a potion of resistance {unknown}
 j - a potion of invisibility {unknown}
 k - a potion of lignification {unknown}
 r - a potion of berserk rage {unknown}


   Skills:
 + Level 4.2 Fighting
 + Level 4.7 Maces & Flails
 + Level 4.6 Armour
 + Level 0.9 Dodging
 + Level 0.6 Stealth
 + Level 4.1 Shields


You had 5 spell levels left.
You didn't know any spells.
Your spell library contained the following spells:

 Spells                   Type           Power      Damage    Failure   Level
 Tukima's Dance           Hex            0%         N/A       100%        3
 Passage of Golubria      Tloc           0%         N/A       100%        4
 Yara's Violent Unravell  Hex/Tmut       0%         3d3       100%        5


Dungeon Overview and Level Annotations

Branches:
Dungeon (4/15)
 Temple: D:4-7

Altars:
Elyvilon

Shops:
D:1 *   D:2 *   D:3 !


Innate Abilities, Weirdness & Mutations

You are immune to sickness and miasma.
Your stone body is resilient. (AC +4)
You are immune to poison.
You resist negative energy. (rN+)
You are resistant to electric shocks. (rElec)
You are resistant to unholy torment.
You are immune to petrification.


Message History

You are too injured to fight recklessly!
You are too injured to fight recklessly!
You are too injured to fight recklessly!
You are too injured to fight recklessly!
You are too injured to fight recklessly!
You are too injured to fight recklessly!
You are too injured to fight recklessly!
You are too injured to fight recklessly!
You are too injured to fight recklessly!
You are too injured to fight recklessly!
You are too injured to fight recklessly!
You are too injured to fight recklessly!
You are too injured to fight recklessly!
You hit the orc priest.
The orc priest is moderately wounded.
The orc priest hits you but does no damage.
The orc hits you but does no damage.
You hit the orc priest but do no damage.
The orc priest is moderately wounded.
The orc priest hits you with a +0 trident.
* * * LOW HITPOINT WARNING * * *
The orc hits you but does no damage.
The orc priest hits you with a +0 trident.
* * * LOW HITPOINT WARNING * * *
You block the orc's attack.
You hit the orc priest but do no damage.
The orc priest is moderately wounded.
The orc priest hits you but does no damage.
The orc hits you but does no damage.
You closely miss the orc priest.
The orc priest is moderately wounded.
The orc priest calls down the wrath of Beogh upon you.
Pain shoots through your body!
* * * LOW HITPOINT WARNING * * *
You block the orc's attack.
You hit the orc priest.
The orc priest is heavily wounded.
The orc priest invokes the aid of Beogh against you.
Beogh smites you!
You die...

.#..............##......########.
.#...∩..........#######.......##.
.#..............# ####÷......
.##............## ###..#..#.
.##..........^## #.........
.#..#########..# #####....##...
.#.###### ##.## #.......###...
.#.#....## #..####.............
...#.....######o@##.............#
.)..............o................
............####................#
....#.#####.....................#
.......######...................#
...#..†...#...###...............#
..##........### ##...............
#####.....### ##.............##
###...# ###..#.##.#.#.#..#


You could see an orc priest and an orc.

Vanquished Creatures
  Grinder (D:3)
  Ijyb (D:3)
  3 gnolls (D:2)
  An adder (D:2)
  2 worms
  2 dart slugs
  An orc (D:3)
  9 endoplasms
  3 giant cockroaches
  5 goblins
  4 hobgoblins
  6 jackals (D:1)
  A quokka (D:3)
  4 ball pythons
  3 bats
  4 frilled lizards
  7 kobolds
  7 rats
64 creatures vanquished.

Notes
Turn   | Place    | Note
-------+----------+-------------------------------------------
     0 | D:1      | AdnanSaban the Gargoyle Fighter began the quest for the
                  | Orb.
     0 | D:1      | Reached XP level 1. HP: 14/14 MP: 1/1
    71 | D:1      | Reached XP level 2. HP: 19/19 MP: 2/2
   495 | D:1      | Reached XP level 3. HP: 20/23 MP: 3/3
   579 | D:1      | Found Uzithoi's General Store.
  1037 | D:2      | Found Yzutreegh's General Store.
  1298 | D:2      | Reached XP level 4. HP: 25/29 MP: 4/4
  1795 | D:3      | Noticed Ijyb
  1801 | D:3      | Paralysed by Ijyb for 4 turns
  1807 | D:3      | Killed Ijyb
  1808 | D:3      | Reached XP level 5. HP: 30/33 MP: 5/5
  1831 | D:3      | Noticed Grinder
  1852 | D:3      | Paralysed by Grinder for 3 turns
  1896 | D:3      | Killed Grinder
  1897 | D:3      | Reached XP level 6. HP: 6/38 MP: 6/6
  2026 | D:3      | Found Goasch's Distillery.
  2226 | D:3      | Found a white marble altar of Elyvilon.
  2313 | D:3      | Killed from afar by an orc priest

Illustrated notes

Levels and vault maps discovered:
D:1:      heliophobic_arrival_battle_scene, layout_basic, serial_shops,
          nicolae_shop_hallway_plus, minmay_crystal_room, minmay_door_square,
          chequers_arboretum, chequers_serial_rivers_micro_d,
          minmay_misc_feat_pillars, minmay_misc_feat_chi
D:2:      layout_basic, serial_shops, nicolae_shop_hallway_plus,
          bh_walls_and_bars
D:3:      layout_rooms, mainiacjoe_overflow_tiny_flanked, serial_shops, shop,
          nicolae_kite_square_tiling_tiny, serial_bayou_crossing, uniq_ijyb,
          uniq_grinder
D:4:      layout_loops_ring, uniq_edmund

Skill      XL: |  1  2  3  4  5 |
---------------+----------------+-----
Armour         | 4 |  4.6
Maces & Flails | 3 4 |  4.7
Shields        | 4 |  4.1
Fighting       | 4 |  4.2
Dodging        | |  0.9
Stealth        | |  0.6

Action                     |  1- 3 |  4- 6 || total
---------------------------+-------+-------++-------
  Melee: Flail             |   177 |   105 ||   282
 Armour: Scale mail        |    91 |    33 ||   124
         Chain mail        |       |    14 ||    14
  Dodge: Dodged            |    87 |    53 ||   140
  Block: Buckler           |    40 |    20 ||    60

Table legend: (Time is in decaauts)
 A = Elapsed time spent in this place.
 B = Non-inter-level travel time spent in this place.
 C = Inter-level travel time spent in this place.
 D = Time resting spent in this place.
 E = Time spent auto-exploring this place.
 F = Levels seen in this place.
 G = Mean time per level.
                   A        B        C        D        E       F      G
               +--------+--------+--------+--------+--------+-----+--------+
         Total |   2404 |   2354 |     50 |      0 |   1747 |   4 |  601.0 |
       Dungeon |   2404 |   2354 |     50 |      0 |   1747 |   4 |  601.0 |
               +--------+--------+--------+--------+--------+-----+--------+

Top non-repeatable levels by time:
     D:1: 952 daAuts
     D:3: 791 daAuts
     D:2: 655 daAuts
     D:4: 4 daAuts
